 Dungeon Crawl Stone Soup version 0.30-a0-632-g346586fe48 (webtiles) character file.

Game seed: 13910271658519651014

9244 wormed the Protected (level 11, -5/76 (84) HPs)
             Began as a Gnoll Wanderer on Jan 13, 2023.
             Was a High Priest of Cheibriados.
             Slain by a spectral orc warlord
             ... wielding a +0 long sword
             ... summoned by Nergalle
              (9 damage)
             ... on level 11 of the Dungeon.
             The game lasted 00:18:06 (9766 turns).

wormed the Protected (Gnoll Wanderer)               Turns: 9766, Time: 00:18:06

HP:   -5/76 (84)    AC: 23    Str: 25    XL:     11   Next: 43%
MP:   20/20         EV: 17    Int: 26    God:    Cheibriados [*****.]
Gold: 632           SH:  0    Dex: 27    Spells: 15/23 levels left

rFire   + . .      SeeInvis .    b - +5 falchion (venom)
rCold   . . .      Faith    .    (no shield)
rNeg    . . .      Spirit   .    A - +4 ring mail "Wetwet" {rElec Will+ Str+4 Dex+4}
rPois   .          Reflect  .    i - +0 helmet
rElec   +          Harm     .    c - +1 cloak
rCorr   .          Rampage  .    y - +1 Delatra's gloves {ID++}
Will    +....                    E - +0 pair of boots
Stlth   +++                      (no amulet)
HPRegen 0.32/turn                k - ring of protection from cold
MPRegen 0.17/turn                f - ring of fire

@: ice-armoured, silenced, wereblooded, drained, very slow
A: fangs 1, strong nose, distributed training, weak 1
a: Renounce Religion


You were on level 11 of the Dungeon.
You worshipped Cheibriados.
Cheibriados was extremely pleased with you.
You visited 2 branches of the dungeon, and saw 12 of its levels.

You collected 632 gold pieces.

Inventory:

Hand Weapons
 b - a +5 falchion of venom (weapon)
Missiles
 v - 16 poisoned darts
 C - 2 throwing nets
Armour
 c - a +1 cloak (worn)
 i - a +0 helmet (worn)
 y - the +1 Delatra's gloves (worn) {ID++}
   (You found it on level 5 of the Dungeon)

   ID++:      It heals its wearer when they drink unknown potions, and restores
   their MP when they read unknown scrolls.
 A - the +4 ring mail "Wetwet" (worn) {rElec Will+ Str+4 Dex+4}
   (You found it on level 5 of the Dungeon)

   Str:       It affects your strength (+4).
   Dex:       It affects your dexterity (+4).
   rElec:     It insulates you from electricity.
   Will:      It increases your willpower.
 E - a +0 pair of boots (worn)
Jewellery
 f - a ring of fire (right hand)
 k - a ring of protection from cold (left hand)
Wands
 a - a wand of digging (4)
 e - a wand of charming (26)
 p - a wand of iceblast (11) (quivered)
 q - a wand of mindburst (18)
 D - a wand of flame (40)
 G - a wand of light (6)
Scrolls
 j - 7 scrolls of vulnerability
 l - a scroll of brand weapon
 F - 2 scrolls of magic mapping
 H - a scroll of identify
Potions
 d - 2 potions of might
 g - a potion of cancellation
 h - 2 potions of mutation
 m - 3 potions of attraction
 n - 2 potions of flight
 o - a potion of invisibility
 s - 2 potions of berserk rage {unknown}
 t - 4 potions of heal wounds {unknown}
 u - 4 potions of brilliance {unknown}
 w - 4 potions of lignification {unknown}
 x - 4 potions of curing
 z - a potion of degeneration {unknown}
 B - a potion of resistance {unknown}


   Skills:
 + Level 7.1 Fighting
 + Level 6.5 Short Blades
 + Level 6.5 Long Blades
 + Level 6.5 Axes
 + Level 6.5 Maces & Flails
 + Level 7.1 Polearms
 + Level 6.5 Staves
 + Level 9.3 Ranged Weapons
 + Level 6.5 Throwing
 + Level 9.3 Armour
 + Level 7.1 Dodging
 + Level 7.0 Stealth
 + Level 6.5 Shields
 + Level 6.5 Unarmed Combat
 + Level 6.5 Spellcasting
 + Level 5.4 Conjurations
 + Level 5.4 Hexes
 + Level 5.4 Summonings
 + Level 5.4 Necromancy
 + Level 5.4 Translocations
 + Level 5.4 Transmutations
 + Level 5.4 Fire Magic
 + Level 5.4 Ice Magic
 + Level 5.4 Air Magic
 + Level 5.4 Earth Magic
 + Level 5.4 Poison Magic
 + Level 7.1 Invocations
 + Level 6.5 Evocations


You had 15 spell levels left.
You knew the following spells:

 Your Spells              Type           Power      Damage    Failure   Level
a - Wereblood             Tmut           36%        N/A       1%          2
b - Ozocubu's Armour      Ice            36%        N/A       3%          3
c - Frozen Ramparts       Ice            72%        1d11      3%          3

Your spell library contained the following spells:

 Spells                   Type           Power      Damage    Failure   Level
 Freeze                   Ice            100%       1d10      1%          1
 Ensorcelled Hibernation  Hex/Ice        72%        N/A       1%          2
 Passwall                 Tmut/Erth      30%        N/A       1%          2
 Sublimation of Blood     Necr           36%        N/A       1%          2
 Hailstorm                Conj/Ice       36%        3d9       3%          3
 Spider Form              Tmut/Pois      36%        N/A       3%          3
 Stone Arrow              Conj/Erth      72%        3d11      3%          3
 Summon Guardian Golem    Hex/Summ       36%        N/A       3%          3
 Swiftness                Air            36%        N/A       3%          3
 Anguish                  Hex/Necr       18%        N/A       10%         4
 Animate Armour           Summ/Erth      72%        N/A       10%         4
 Fireball                 Conj/Fire      26%        3d12      28%         5
 Iskenderun's Battlesphe  Conj           36%        2d9       28%         5
 Conjure Ball Lightning   Conj/Air       18%        3x3d6     83%         6
 Orb of Destruction       Conj           18%        9d8       100%        7
 Ozocubu's Refrigeration  Ice            18%        4d11      100%        7
 Spellforged Servitor     Conj/Summ      18%        N/A       100%        7
 Summon Hydra             Summ           18%        N/A       100%        7
 Lehudib's Crystal Spear  Conj/Erth      18%        10d5      100%        8


Dungeon Overview and Level Annotations

Branches:
Dungeon (11/15)            Temple (1/1) D:5            Lair (0/5) D:8
    Orc (0/2) D:11

Altars:
Ashenzari
Cheibriados
Dithmenos
Elyvilon
Fedhas
Gozag
Hepliaklqana
Kikubaaqudgha
Nemelex Xobeh
Okawaru
Qazlal
Ru
Sif Muna
Trog
Uskayaw
Vehumet
Wu Jian
Xom
Yredelemnul
Zin

Shops:
D:1 :   D:7 (

Annotations:
D:11 Nergalle


Innate Abilities, Weirdness & Mutations

You have very sharp teeth.
Your uncanny sense of smell can sniff out nearby items.
Your experience applies equally to all skills.
You are weak. (Str -2)


Message History

You closely miss Nergalle.
Nergalle is heavily wounded.
The spectral orc warlord hits you but does no damage.
Nergalle casts a spell at you.
Orcish apparitions take form around you.
You hit Nergalle.
Nergalle is severely wounded.
The spectral orc warlord hits you with a +0 long sword!
* * * LOW HITPOINT WARNING * * *
You feel drained.
* * * LOW HITPOINT WARNING * * *
Nergalle closely misses you.
You completely miss Nergalle. Your bite misses Nergalle.
Nergalle is severely wounded.
The spectral orc warlord hits you but does no damage.
Nergalle hits you but does no damage.
You completely miss Nergalle.
Nergalle is severely wounded.
You hit Nergalle but do no damage.
Nergalle looks as sick as possible!
You bite Nergalle, but do no damage.
Nergalle is severely wounded.
The spectral orc warlord hits you but does no damage.
Nergalle hits you but does no damage.
A yak comes into view.
You hit Nergalle.
Nergalle looks as sick as possible!
Nergalle is severely wounded.
The spectral orc warlord hits you with a +0 long sword.
* * * LOW HITPOINT WARNING * * *
Nergalle hits you but does no damage.
You hit Nergalle but do no damage.
Nergalle looks as sick as possible!
Nergalle is severely wounded.
The spectral orc warlord hits you with a +0 long sword!
* * * LOW HITPOINT WARNING * * *
Nergalle hits you but does no damage.
As you read the scroll labelled KUYBBI ROPE, it crumbles to dust.
A profound silence engulfs you.
It was a scroll of silence.
The energy of discovery flows from your fingertips!
Magic courses through your body.
The spectral orc warlord hits you with a +0 long sword!
You die...

###### #....#
#...Z##
#...YY#
#######...#o#
##.........#@#
#..........#Z#
.......o...#Z#
......Y....#.#
...........#.#
###
...........#.#
...
...........#.#
..
.........#.#.#
#
......>....#.#


You could see Nergalle (extremely poisoned), a spectral orc warrior (summoned,
fast), 2 spectral orc warlords and 2 yaks.

Vanquished Creatures
  Snorg (D:11)
  A two-headed ogre (D:11)
  Pikel (D:8)
  A cyclops (D:7)
  A kobold demonologist (D:9)
  A rime drake (D:8)
  A troll (D:10)
  Prince Ribbit (D:9)
  A shadow (D:11)
  Sigmund (D:4)
  Eustachio (D:6)
  A wraith (D:11)
  5 yaks
  Menkaure (D:7)
  3 water moccasins
  Duvessa (D:7)
  2 acid dragons
  2 black bears (D:7)
  2 orc warriors
  An ice beast (D:8)
  A sky beast (D:7)
  3 wolves (D:8)
  3 centaurs
  2 phantoms
  2 lemures (D:8)
  2 kobold brigands
  3 bullfrogs
  A scorpion (D:5)
  A gnoll sergeant (D:8)
  A necrophage (D:5)
  10 wights
  Dowan (D:7)
  18 killer bees
  A howler monkey (D:8)
  3 hounds
  A gnoll bouda (D:6)
  A jelly (D:6)
  5 orc priests
  Natasha (thrice) (D:4)
  11 orc wizards
  Ijyb (D:3)
  Terence (D:2)
  12 gnolls
  6 adders
  4 white imps
  3 ufetubi (D:5)
  4 worms
  5 dart slugs
  29 orcs
  9 bats
  6 endoplasms
  2 giant cockroaches (D:1)
  8 goblins
  6 hobgoblins
  2 jackals (D:2)
  12 kobolds
  4 quokkas
  5 ball pythons
  3 frilled lizards
  3 rats
  A spectral goblin (D:8)
228 creatures vanquished.

Vanquished Creatures (others)
  2 plants
2 creatures vanquished.

Grand Total: 230 creatures vanquished

Notes
Turn   | Place    | Note
-------+----------+-------------------------------------------
     0 | D:1      | wormed the Gnoll Wanderer began the quest for the Orb.
     0 | D:1      | wormed set off with the following items: a +2 sling, a +0
                  | spear, a +0 cloak, a scroll of blinking, a +0 leather
                  | armour.
     0 | D:1      | Reached XP level 1. HP: 17/17 MP: 1/1
    19 | D:1      | Found Pugraupt's Vocational Training.
    70 | D:1      | Reached XP level 2. HP: 23/23 MP: 2/2
   567 | D:2      | Reached XP level 3. HP: 28/28 MP: 3/3
   583 | D:2      | Noticed Terence
  1113 | D:2      | Reached skill level 1 in Invocations
  1254 | D:3      | Found a white marble altar of Elyvilon.
  1375 | D:3      | Reached skill level 1 in Short Blades
  1375 | D:3      | Reached skill level 1 in Long Blades
  1375 | D:3      | Reached skill level 1 in Axes
  1375 | D:3      | Reached skill level 1 in Maces & Flails
  1375 | D:3      | Reached skill level 1 in Staves
  1375 | D:3      | Reached skill level 1 in Throwing
  1375 | D:3      | Reached skill level 1 in Shields
  1375 | D:3      | Reached skill level 1 in Unarmed Combat
  1375 | D:3      | Reached skill level 1 in Spellcasting
  1375 | D:3      | Reached skill level 1 in Evocations
  1482 | D:3      | Found an ornate altar of the Wu Jian Council.
  1501 | D:3      | Reached XP level 4. HP: 34/34 MP: 5/5
  1517 | D:3      | Found a stormy altar of Qazlal.
  1727 | D:3      | Found a hide-covered altar of Uskayaw.
  1852 | D:4      | Reached skill level 1 in Conjurations
  1852 | D:4      | Reached skill level 1 in Hexes
  1852 | D:4      | Reached skill level 1 in Summonings
  1852 | D:4      | Reached skill level 1 in Necromancy
  1852 | D:4      | Reached skill level 1 in Translocations
  1852 | D:4      | Reached skill level 1 in Transmutations
  1852 | D:4      | Reached skill level 1 in Fire Magic
  1852 | D:4      | Reached skill level 1 in Ice Magic
  1852 | D:4      | Reached skill level 1 in Air Magic
  1852 | D:4      | Reached skill level 1 in Earth Magic
  1852 | D:4      | Reached skill level 1 in Poison Magic
  1986 | D:4      | Noticed Ijyb
  1986 | D:4      | Noticed Sigmund
  2078 | D:2      | Killed Terence
  2079 | D:2      | Reached XP level 5. HP: 12/40 MP: 5/7
  2430 | D:3      | Killed Ijyb
  2505 | D:4      | Noticed a phantom
  2515 | D:4      | Killed a phantom
  2516 | D:4      | Reached XP level 6. HP: 43/47 MP: 8/8
  2581 | D:4      | Noticed Natasha
  2587 | D:4      | Killed Natasha
  2802 | D:4      | Noticed Natasha
  2809 | D:4      | Killed Natasha
  2834 | D:4      | Noticed Natasha
  2840 | D:4      | Killed Natasha
  2885 | D:4      | Killed Sigmund
  2886 | D:4      | Reached XP level 7. HP: 52/52 MP: 10/10
  3109 | D:5      | Entered Level 5 of the Dungeon
  3257 | D:5      | Found a staircase to the Ecumenical Temple.
  3282 | Temple   | Entered the Ecumenical Temple
  3520 | Temple   | Became a worshipper of Cheibriados the Contemplative
  3724 | D:5      | Found a transporter.
  3724 | D:5      | Found a transporter.
  3756 | D:5      | Reached XP level 8. HP: 25/60 MP: 12/12
  3773 | D:5      | Reached * piety under Cheibriados
  3912 | D:5      | Found the +1 Delatra's gloves {ID++}
  4001 | D:5      | Identified the +4 ring mail "Wetwet" {rElec Will+ Str+4
                  | Dex+4}
  4257 | D:5      | Found a shadowy altar of Dithmenos.
  4266 | D:5      | Found a basalt altar of Yredelemnul.
  4651 | D:5      | Learned a level 3 spell: Frozen Ramparts
  4655 | D:5      | Learned a level 3 spell: Ozocubu's Armour
  4877 | D:6      | Noticed Eustachio
  4898 | D:6      | Killed Eustachio
  5285 | D:6      | Found a bloodstained altar of Trog.
  5411 | D:6      | Reached ** piety under Cheibriados
  5588 | D:7      | Reached XP level 9. HP: 66/66 MP: 14/14
  5622 | D:7      | Noticed a cyclops
  5634 | D:7      | Killed a cyclops
  5635 | D:7      | Reached skill level 5 in Fighting
  5635 | D:7      | Reached skill level 5 in Polearms
  5635 | D:7      | Reached skill level 5 in Dodging
  5700 | D:7      | Reached skill level 5 in Stealth
  5926 | D:7      | Reached skill level 5 in Invocations
  5966 | D:7      | Found Ophab's Hydra Hut.
  5970 | D:7      | Noticed a six-headed hydra
  6378 | D:7      | Noticed Duvessa
  6380 | D:7      | Noticed Dowan
  6395 | D:7      | Killed Duvessa
  6404 | D:7      | Killed Dowan
  6717 | D:7      | Noticed Menkaure
  6725 | D:7      | Killed Menkaure
  6725 | D:7      | Reached *** piety under Cheibriados
  6726 | D:7      | Reached skill level 5 in Short Blades
  6726 | D:7      | Reached skill level 5 in Long Blades
  6726 | D:7      | Reached skill level 5 in Axes
  6726 | D:7      | Reached skill level 5 in Maces & Flails
  6726 | D:7      | Reached skill level 5 in Staves
  6726 | D:7      | Reached skill level 5 in Throwing
  6726 | D:7      | Reached skill level 5 in Shields
  6726 | D:7      | Reached skill level 5 in Unarmed Combat
  6726 | D:7      | Reached skill level 5 in Spellcasting
  6726 | D:7      | Reached skill level 5 in Evocations
  6726 | D:7      | Reached XP level 10. HP: 76/76 MP: 17/17
  6899 | D:8      | Found a staircase to the Lair.
  6909 | D:8      | Learned a level 2 spell: Wereblood
  7127 | D:8      | Found a blossoming altar of Fedhas.
  7133 | D:8      | Noticed Pikel
  7152 | D:8      | Reached **** piety under Cheibriados
  7161 | D:8      | Killed Pikel
  7337 | D:8      | Found a hazy altar of Hepliaklqana.
  7878 | D:9      | Reached skill level 5 in Conjurations
  7878 | D:9      | Reached skill level 5 in Hexes
  7878 | D:9      | Reached skill level 5 in Summonings
  7878 | D:9      | Reached skill level 5 in Necromancy
  7878 | D:9      | Reached skill level 5 in Translocations
  7878 | D:9      | Reached skill level 5 in Transmutations
  7878 | D:9      | Reached skill level 5 in Fire Magic
  7878 | D:9      | Reached skill level 5 in Ice Magic
  7878 | D:9      | Reached skill level 5 in Air Magic
  7878 | D:9      | Reached skill level 5 in Earth Magic
  7878 | D:9      | Reached skill level 5 in Poison Magic
  7880 | D:9      | Reached XP level 11. HP: 78/83 MP: 13/20
  7944 | D:9      | Found a sparkling altar of Nemelex Xobeh.
  7972 | D:9      | Reached ***** piety under Cheibriados
  8031 | D:9      | Noticed Prince Ribbit
  8039 | D:9      | Killed Prince Ribbit
  8042 | D:9      | Noticed a soul eater
  8374 | D:9      | Noticed a sixfirhy
  8376 | D:9      | Gained mutation: You are weak. (Str -2) [a neqoxec]
  8575 | D:10     | Entered Level 10 of the Dungeon
  8877 | D:10     | Noticed a skeletal warrior
  8877 | D:10     | Found the +5 scythe "Finisher" {speed, eviscerate}
  8903 | D:10     | HP: 1/83 [yak (13)]
  9203 | D:11     | Noticed Snorg
  9218 | D:11     | Killed Snorg
  9453 | D:11     | Found a staircase to the Orcish Mines.
  9453 | D:11     | Noticed Nergalle
  9475 | D:11     | Noticed a two-headed ogre
  9485 | D:11     | Killed a two-headed ogre
  9755 | D:11     | Noticed a spectral orc warlord
  9760 | D:11     | Noticed a spectral orc warlord
  9766 | D:11     | Slain by a spectral orc warlord

Illustrated notes

Levels and vault maps discovered:
D:1:      matt_arrival_diagonals, layout_basic, chequers_serial_rivers_marsh,
          palyth_stone_intersect, minmay_misc_feat_nine_boxes, chequers_avenue,
          nicolae_shop_vocational
D:2:      layout_loops_cross, uniq_terence
D:3:      layout_basic, mainiacjoe_overflow_surrounded_room, elyvilon_altar_4,
          nicolae_wu_jian_wuxing_cycle, marbit_many_paths, serial_glass,
          glass_columns_c, glass_columns_a, st_stairs_8, minmay_misc_feat_tower,
          small_statue_alley_b
D:4:      layout_layer_cave, uniq_natasha, uniq_sigmund, uniq_ijyb
D:5:      gammafunk_wand_slinger, layout_gridville,
          nicolae_overflow_hidden_temple, minmay_temple_entry_crystal_x,
          pf_guarded_unrand_delatra
D:6:      layout_loops_cross, lemuel_coloured_pillars_altar, uniq_eustachio
D:7:      layout_loops_cross, doesnt_shop_hydraphobe, uniq_menkaure,
          uniq_duvessa
D:8:      layout_rooms, nicolae_hepliaklqana_monster_ancestors,
          general_overflow_altar, hellmonk_lair_entry_icy, uniq_pikel
D:9:      layout_roguey, nemelex_xobeh_ov_fountains_minmay,
          hangedman_abyss_or_decor_stagger, hive_lemuel, uniq_prince_ribbit1
D:10:     layout_basic, lightli_temple_of_fire, minmay_guarded_unrand_finisher
D:11:     layout_rooms, orc_0_dummy, serial_bayou_pond_e,
          lightli_elemental_guards, uniq_nergalle, uniq_snorg
Temple:   dpeg_chambers_temple

Skill      XL: |  1  2  3  4  5  6  7  8  9 10 11 |
---------------+----------------------------------+-----
Invocations    | 1 2 3 4 5 6 7 |  7.1
Short Blades   | 1 2 3 5 6 |  6.5
Long Blades    | 1 2 3 5 6 |  6.5
Axes           | 1 2 3 5 6 |  6.5
Maces & Flails | 1 2 3 5 6 |  6.5
Staves         | 1 2 3 5 6 |  6.5
Throwing       | 1 2 3 5 6 |  6.5
Shields        | 1 2 3 5 6 |  6.5
Unarmed Combat | 1 2 3 5 6 |  6.5
Spellcasting   | 1 2 3 5 6 |  6.5
Evocations     | 1 2 3 5 6 |  6.5
Conjurations   | 1 2 3 4 5 |  5.4
Hexes          | 1 2 3 4 5 |  5.4
Summonings     | 1 2 3 4 5 |  5.4
Necromancy     | 1 2 3 4 5 |  5.4
Translocations | 1 2 3 4 5 |  5.4
Transmutations | 1 2 3 4 5 |  5.4
Fire Magic     | 1 2 3 4 5 |  5.4
Ice Magic      | 1 2 3 4 5 |  5.4
Air Magic      | 1 2 3 4 5 |  5.4
Earth Magic    | 1 2 3 4 5 |  5.4
Poison Magic   | 1 2 3 4 5 |  5.4
Fighting       | 3 4 5 6 7 |  7.1
Polearms       | 3 4 5 6 7 |  7.1
Dodging        | 3 4 5 6 7 |  7.1
Stealth        | 3 4 5 6 7 |  7.0
Ranged Weapons | 7 8 9 |  9.3
Armour         | 7 8 9 |  9.3

Action                   |  1- 3 |  4- 6 |  7- 9 | 10-12 || total
-------------------------+-------+-------+-------+-------++-------
Melee: Falchion          |       |    63 |   265 |   248 ||   576
       Bite              |       |     2 |    23 |    25 ||    50
       Punch             |       |       |    12 |    12 ||    24
 Fire: Sling             |   102 |    53 |       |       ||   155
Throw: Dart              |     4 |     4 |    12 |       ||    20
       Throwing net      |       |       |     1 |     2 ||     3
 Cast: Frozen Ramparts   |       |       |     7 |    14 ||    21
       Ozocubu's Armour  |       |       |     7 |    12 ||    19
       Wereblood         |       |       |       |    14 ||    14
Invok: Bend Time         |       |       |       |     1 ||     1
Evoke: Wand              |       |       |       |     2 ||     2
  Use: Scroll            |     1 |    10 |     3 |     7 ||    21
       Potion            |       |       |       |     1 ||     1
 Stab: Sleeping          |       |       |     4 |     2 ||     6
Armor: Leather armour    |     7 |    12 |       |       ||    19
       Chain mail        |       |    62 |    89 |       ||   151
       Ring mail         |       |       |   141 |   134 ||   275
Dodge: Dodged            |    21 |    44 |   221 |   249 ||   535

Table legend: (Time is in decaauts)
 A = Elapsed time spent in this place.
 B = Non-inter-level travel time spent in this place.
 C = Inter-level travel time spent in this place.
 D = Time resting spent in this place.
 E = Time spent auto-exploring this place.
 F = Levels seen in this place.
 G = Mean time per level.
                   A        B        C        D        E       F      G
               +--------+--------+--------+--------+--------+-----+--------+
         Total |  11887 |  11314 |    573 |      4 |   9189 |  12 |  990.6 |
       Dungeon |  11613 |  11073 |    540 |      4 |   8987 |  11 | 1055.7 |
        Temple |    273 |    240 |     33 |      0 |    202 |   1 |  273.0 |
               +--------+--------+--------+--------+--------+-----+--------+

Top non-repeatable levels by time:
     D:9: 1635 daAuts
     D:7: 1550 daAuts
     D:5: 1545 daAuts
     D:6: 1188 daAuts
    D:10: 922 daAuts
     D:2: 903 daAuts
     D:8: 883 daAuts
     D:4: 860 daAuts
    D:11: 739 daAuts
     D:3: 712 daAuts
     D:1: 671 daAuts
  Temple: 273 daAuts
